 Dungeon Crawl Stone Soup version 0.29-a0-551-gffc1d7fb78 (webtiles) character file.

Game seed: 16454396946331612819

185 Octocat the Conjurer (level 5, -3/33 HPs)
             Began as an Octopode Conjurer on June 6, 2022.
             Slain by a necrophage (7 damage)
             ... on level 4 of the Dungeon.
             The game lasted 00:05:11 (3895 turns).

Octocat the Conjurer (Octopode Conjurer)            Turns: 3895, Time: 00:05:12

Health: -3/33      AC:  1    Str:  7    XL:     5   Next: 64%
Magic:  4/9        EV: 13    Int: 28    God:
Gold:   211        SH:  0    Dex: 10    Spells: 6/9 levels left

rFire   + . .      SeeInvis .   g - staff of fire
rCold   . . .      Faith    .   (no shield)
rNeg    . . .      Spirit   .   (helmet restricted)
rPois   .          Reflect  .   (no amulet)
rElec   .          Harm     .   c - +6 ring of intelligence
rCorr   .          Rampage  .   (no ring)
Will    .....                   (no ring)
Stlth   +++.......              (no ring)
HPRegen 0.11/turn               (no ring)
MPRegen 0.11/turn               (no ring)
                                (no ring)
                                (no ring)

@: no status effects
A: almost no armour, amphibious, 8 rings, camouflage 1, gelatinous body 1,
(nimble swimmer 1), tentacles
a: no special abilities


You were on level 4 of the Dungeon.
You visited 1 branch of the dungeon, and saw 4 of its levels.

You collected 211 gold pieces.

Inventory:

Hand Weapons
 d - a +1 dagger
 k - a +4 dagger of draining
Missiles
 h - 2 atropa-tipped darts
 j - 5 javelins
Magical Staves
 g - a staff of fire (weapon)
Jewellery
 c - a +6 ring of intelligence (left tentacle)
 r - a +6 ring of dexterity
Scrolls
 o - a scroll of fear
 p - 2 scrolls of identify
 q - a scroll of amnesia {unknown}
Potions
 a - a potion of magic
 b - 2 potions of brilliance
 e - 4 potions of curing
 f - 2 potions of might
 i - a potion of heal wounds {unknown}
 l - a potion of invisibility {unknown}
 m - a potion of flight {unknown}
 n - 2 potions of mutation


   Skills:
 + Level 1.6 Fighting
 + Level 2.9 Dodging
 + Level 4.1 Stealth
 + Level 2.8 Spellcasting
 * Level 5.0 Conjurations


You had 6 spell levels left.
You knew the following spells:

 Your Spells              Type           Power      Damage    Failure   Level
a - Searing Ray           Conj           64%        2d6       1%          2
b - Magic Dart            Conj           100%       1d8       1%          1

Your spell library contained the following spells:

 Spells                   Type           Power      Damage    Failure   Level
 Sandblast                Erth           6%         2d5       9%          1
 Dazzling Flash           Conj/Hex       36%        N/A       9%          3
 Stone Arrow              Conj/Erth      36%        3d9       9%          3
 Passwall                 Tmut/Erth      2%         N/A       13%         2
 Scorch                   Fire           10%        2d6       13%         2
 Sublimation of Blood     Necr           3%         N/A       13%         2
 Call Canine Familiar     Summ           3%         N/A       26%         3
 Portal Projectile        Hex/Tloc       6%         N/A       26%         3
 Flame Wave               Conj/Fire      27%        2d7       30%         4
 Fulminant Prism          Conj/Hex       9%         3d7       30%         4
 Iskenderun's Mystic Bla  Conj/Tloc      18%        2d6       30%         4
 Leda's Liquefaction      Hex/Erth       1%         N/A       63%         4
 Petrify                  Tmut/Erth      3%         N/A       63%         4
 Irradiate                Conj/Tmut      9%         3d16      63%         5
 Summon Cactus Giant      Summ           1%         N/A       100%        6


Dungeon Overview and Level Annotations

Branches:
Dungeon (4/15)
 Temple: D:4-7

Altars:

Shops:
D:1 [


Innate Abilities, Weirdness & Mutations

You cannot wear most types of armour.
You are amphibious.
You can wear up to eight rings at the same time.
Your skin changes colour to match your surroundings (Stealth+).
Your rubbery body absorbs attacks. (AC +1, EV +1)
((You are camouflaged when in or above water. (Stealth+)))
You have tentacles for arms and can constrict up to eight enemies at once.


Message History

The helpless iguana fails to defend itself.
You hit the iguana but do no damage. Your grab misses the iguana.
Your squeeze misses the iguana. The iguana bites you!
You hit the iguana but do no damage. You grab the iguana.
You constrict the iguana, but do no damage.
The iguana closely misses you.
You barely miss the iguana.
You squeeze the iguana, but do no damage.
You constrict the iguana. The iguana bites you.
Casting: Searing Ray (safe; 1% risk of failure)
Confirm with . or Enter, or press ? or * to list all spells.
Aiming: Searing Ray (safe; 1% risk of failure)
Press: ? - help, Shift-Dir - straight line, f - iguana
Aim: an iguana (lightly wounded, constricted by you, 100% to hit)
The searing ray hits the iguana.
The iguana is lightly wounded.
The searing ray misses the necrophage. (Press . to maintain the ray.)
You constrict the iguana. The iguana closely misses you.
The searing ray hits the iguana but does no damage.
The iguana is moderately wounded.
The searing ray hits the necrophage!
The necrophage is moderately damaged.
You constrict the iguana, but do no damage.
The iguana bites you.
Unknown command.
The searing ray hits the iguana.
The iguana is heavily wounded.
The searing ray hits the necrophage.
The necrophage is heavily damaged.
You constrict the iguana, but do no damage.
The iguana bites you!
* * * LOW HITPOINT WARNING * * *
The searing ray hits the iguana!
The iguana is almost dead.
You finish channelling your searing ray.
You constrict the iguana.
The endoplasm quivers.
The iguana misses you. The necrophage hits you!
You die...

# ## .. ##.#.#
.J. #..#.. ....
.....####....
....?.#.....
#.......##.
...###.........
....?.l@.#
......n.##
.........
..#...##..
...... ###
...... .....
.....


You could see a necrophage, an iguana and an endoplasm.

Vanquished Creatures
  An ogre (D:3)
  3 adders
  A worm (D:2)
  4 orcs (D:3)
  11 ball pythons
  4 endoplasms
  3 giant cockroaches
  3 goblins
  6 hobgoblins
  5 quokkas
  9 bats
  3 frilled lizards
  6 kobolds
  4 rats (D:1)
63 creatures vanquished.

Vanquished Creatures (others)
  3 fungi (D:3)
  9 plants (D:3)
12 creatures vanquished.

Grand Total: 75 creatures vanquished

Notes
Turn   | Place    | Note
-------+----------+-------------------------------------------
     0 | D:1      | Octocat the Octopode Conjurer began the quest for the Orb.
     0 | D:1      | Reached XP level 1. HP: 11/11 MP: 3/3
   282 | D:1      | Reached XP level 2. HP: 17/17 MP: 1/5
   581 | D:1      | Found Duuximurr's Armour Emporium.
   853 | D:1      | Reached XP level 3. HP: 18/21 MP: 6/6
  1277 | D:2      | Learned a level 2 spell: Searing Ray
  2210 | D:3      | Reached XP level 4. HP: 27/27 MP: 4/7
  2380 | D:3      | Reached skill level 1 in Fighting
  2663 | D:3      | Noticed an ogre
  2675 | D:3      | Killed an ogre
  2676 | D:3      | Reached XP level 5. HP: 32/33 MP: 2/9
  3277 | D:3      | Reached skill level 5 in Conjurations
  3504 | D:3      | Found a faded altar of an unknown god.
  3895 | D:4      | Slain by a necrophage

Illustrated notes

Levels and vault maps discovered:
D:1:      dpeg_arrival_chambers_temple_mockup, layout_loops_ring, serial_shops,
          shop
D:2:      layout_rooms, minmay_circled_x
D:3:      minmay_thinvault, layout_loops_corners,
          shapermc_ecumenical_altar_hornbeckon, kennysheep_nub,
          minmay_misc_feat_diagonals
D:4:      layout_cave_pools, serial_shops, shop, uniq_duvessa,
          uniq_blork_the_orc, uniq_crazy_yiuf_cottage

Skill      XL: |  1  2  3  4  5 |
---------------+----------------+-----
Stealth        | 3 4 |  4.1
Fighting       | 1 |  1.6
Conjurations   | 5 |  5.0
Dodging        | |  2.9
Spellcasting   | |  2.8

Action                   |  1- 3 |  4- 6 || total
-------------------------+-------+-------++-------
Melee: Staff             |    50 |    52 ||   102
       Constrict         |    12 |    12 ||    24
       Tentacles         |    10 |    13 ||    23
       Dagger            |     4 |       ||     4
       Unarmed           |     4 |       ||     4
 Cast: Magic Dart        |    24 |       ||    24
       Searing Ray       |     2 |     7 ||     9
  Use: Scroll            |     7 |     1 ||     8
 Stab: Sleeping          |     9 |     7 ||    16
Armor: Skin              |     7 |    11 ||    18
Dodge: Dodged            |    39 |    54 ||    93

Table legend: (Time is in decaauts)
 A = Elapsed time spent in this place.
 B = Non-inter-level travel time spent in this place.
 C = Inter-level travel time spent in this place.
 D = Time resting spent in this place.
 E = Time spent auto-exploring this place.
 F = Levels seen in this place.
 G = Mean time per level.
                   A        B        C        D        E       F      G
               +--------+--------+--------+--------+--------+-----+--------+
         Total |   3913 |   3782 |    131 |      0 |   3303 |   4 |  978.2 |
       Dungeon |   3913 |   3782 |    131 |      0 |   3303 |   4 |  978.2 |
               +--------+--------+--------+--------+--------+-----+--------+

Top non-repeatable levels by time:
     D:3: 2181 daAuts
     D:1: 1096 daAuts
     D:2: 628 daAuts
     D:4: 7 daAuts
